 Dungeon Crawl Stone Soup version 0.21.0-3-g78d12a8 (webtiles) character file.

17739 Monsterracer the Severer (level 12, -8/112 HPs)
             Began as a Minotaur Chaos Knight on Jan 13, 2018.
             Mangled by a komodo dragon (18 damage)
             ... on level 4 of the Lair of Beasts.
             The game lasted 00:19:01 (16562 turns).

Monsterracer the Severer (Minotaur Chaos Knight)   Turns: 16562, Time: 00:19:03

Health: -8/112     AC: 20    Str: 20    XL:     12   Next: 21%
Magic:  11/11      EV:  9    Int:  9    God:    Xom [......]
Gold:   238        SH:  5    Dex:  8    Spells: 9/11 levels left

rFire    . . .     SeeInvis .   a - +6 broad axe
rCold    + . .     Gourm    .   g - +1 buckler
rNeg     . . .     Faith    .   u - +0 plate armour (curse)
rPois    +         Spirit   .   (helmet unavailable)
rElec    .         Reflect  .   D - +1 cloak
rCorr    .         Harm     .   B - +2 pair of gloves "Haynk" {rPois}
MR       .....     Clarity  +   z - +3 pair of boots of the Crushed Deaths {rC+}
Stlth    ..........             E - amulet of regeneration
HPRegen  0.00/turn              (no ring)
MPRegen  0.12/turn              (no ring)

@: lethally poisoned (-8 -> -13)
A: retaliatory headbutt, horns 3, clarity, clumsy 1, deformed body, inhibited
regeneration, weak 1, MP-powered wands
a: Renounce Religion


You were on level 4 of the Lair of Beasts.
You worshipped Xom.
You were a very special plaything of Xom.
You were not hungry.

You visited 2 branches of the dungeon, and saw 13 of its levels.
You also visited: Labyrinth.

You collected 860 gold pieces.
You spent 622 gold pieces at shops.

Inventory:

Hand Weapons
 a - a +6 broad axe (weapon)
 b - a +1 flail
 w - the +3 war axe of Zitauree {holy, rN+ Int+2 SInv}
   (You took it off a minotaur in a labyrinth)

   It has been blessed by the Shining One to cause great damage to the undead
   and demons.
   It affects your intelligence (+2).
   It protects you from negative energy.
   It lets you see invisible.
Missiles
 p - a throwing net (quivered)
Armour
 g - a +1 buckler (worn)
 u - a cursed +0 plate armour (worn)
 v - the +0 hat of the Sunfish {*Corrode rN+ MR+}
   (You acquired it on level 8 of the Dungeon)

   It protects you from negative energy.
   It affects your resistance to hostile enchantments.
   It may corrode you when you take damage.
 z - the +3 pair of boots of the Crushed Deaths (worn) {rC+}
   (You bought it in a shop on level 7 of the Dungeon)

   It protects you from cold.
 B - the +2 pair of gloves "Haynk" (worn) {rPois}
   (You acquired it on level 2 of the Lair of Beasts)

   It protects you from poison.
 D - a +1 cloak (worn)
 M - a +2 scale mail of cold resistance
Jewellery
 x - an uncursed amulet of guardian spirit
 E - an amulet of regeneration (around neck)
 I - an uncursed amulet of rage
Wands
 d - a wand of polymorph (7)
 l - a wand of acid (12)
 m - a wand of scattershot (4)
 y - a wand of flame (89)
 H - a wand of enslavement (13)
 J - a wand of digging (14)
Scrolls
 e - 3 scrolls of enchant weapon
 q - 6 scrolls of remove curse
 s - 5 scrolls of teleportation
 A - 3 scrolls of identify
 C - a scroll of fog
Potions
 f - 4 potions of heal wounds
 h - a potion of mutation {!q}
 i - 3 potions of agility
 j - 2 potions of curing
 k - 2 potions of flight
 n - 6 potions of lignification
 o - a potion of magic
 r - 2 potions of haste
 t - a potion of berserk rage {!q}
Comestibles
 c - 33 rations
 G - a chunk of flesh


   Skills:
 + Level 11.9 Fighting
 * Level 15.8 Axes
 + Level 10.3 Armour
 - Level 7.5 Dodging
 - Level 4.1 Shields


You had 9 spell levels left.
You knew the following spells:

 Your Spells              Type           Power        Failure   Level  Hunger
e - Blink                 Tloc           N/A          100%        2    ###....


Dungeon Overview and Level Annotations

Branches:
Dungeon (9/15)             Temple (0/1) D:6            Lair (4/6) D:8
 Shoals (0/4) Lair:2        Snake (0/4) Lair:2
    Orc: D:9-12

Altars:
Nemelex Xobeh
Okawaru
Qazlal
Xom
The Shining One

Shops:
D:7 [(

Annotations:
Lair:4 Harold


Innate Abilities, Weirdness & Mutations

You reflexively headbutt those who attack you in melee.
You have a pair of large horns on your head.
You possess an exceptional clarity of mind.
You are clumsy. (Dex -2)
Armour fits poorly on your strangely shaped body.
You do not regenerate when monsters are visible.
You are weak. (Str -2)
You expend magic power (3 MP) to strengthen your wands.


Message History

You kill the yak!
You feel sick. The black mamba bites you!
* * * LOW HITPOINT WARNING * * *
You take 9 damage, and have 56/112 hp.
You slash the black mamba!
The black mamba is severely wounded.
You feel sick. The black mamba bites you!
* * * LOW HITPOINT WARNING * * *
The black mamba bites you but does no damage.
You take 9 damage, and have 47/112 hp.
You hit the black mamba but do no damage.
The black mamba is severely wounded.
You feel sick.
The black mamba bites you but does no damage.
The basilisk gazes at you. You resist with some effort.
The black mamba closely misses you.
You take 2 damage, and have 45/112 hp.
You slice the black mamba!!
You kill the black mamba!
You feel sick. The basilisk gazes at you. You resist with some effort.
You take 1 damage, and have 44/112 hp.
You feel sick.
You see here a black mamba corpse.
You take 2 damage, and have 42/112 hp.
You feel sick.
The basilisk bites you but does no damage.
You take 1 damage, and have 41/112 hp.
You barely miss the basilisk. You headbutt the basilisk!
The basilisk is moderately wounded.
You feel sick. You block the basilisk's attack.
You take 1 damage, and have 40/112 hp.
You closely miss the basilisk.
The basilisk is moderately wounded.
You feel sick. You block the basilisk's attack.
You take 1 damage, and have 39/112 hp.
You slash the basilisk!
The basilisk is heavily wounded.
You feel sick. The basilisk gazes at you. You resist with some effort.
You take 1 damage, and have 38/112 hp.
You hit the basilisk. Your headbutt misses the basilisk.
The basilisk is heavily wounded.
You feel sick.
You take 1 damage, and have 37/112 hp.
You closely miss the basilisk. You headbutt the basilisk!
The basilisk is almost dead.
You feel sick. The basilisk bites you.
* * * LOW HITPOINT WARNING * * *
You take 7 damage, and have 30/112 hp.
You closely miss the basilisk. Your headbutt misses the basilisk.
The basilisk is almost dead.
You feel sick. The basilisk gazes at you.
You are slowing down.
You take 1 damage, and have 29/112 hp.
You hit the basilisk.
You kill the basilisk!
Your limbs are stiffening.
Unknown command.
You have turned to stone.
Found a stone staircase leading up.
A komodo dragon comes into view.
The komodo dragon hisses angrily.
You turn to flesh and can move again.
Harold the Weathered comes into view.
He is wielding a battleaxe.
You regained 4 hp, and now have 34/112 hp.
You feel sick.
You take 1 damage, and have 33/112 hp.
You feel sick.
You take 1 damage, and have 32/112 hp.
You feel sick.
You take 1 damage, and have 31/112 hp.
Found a ration and a scroll of immolation.
You feel sick.
You take 1 damage, and have 30/112 hp.
Harold throws a throwing net.
The throwing net hits you.
You become entangled in the net!
There is a stone staircase leading up here.
You see here a throwing net.
You can't do that while held in a net.
You can't do that while held in a net.
You struggle against the net.
You feel sick.
You take 1 damage, and have 29/112 hp.
You struggle against the net.
The komodo dragon bites you.
* * * LOW HITPOINT WARNING * * *
You take 2 damage, and have 27/112 hp.
You struggle against the net.
You feel sick. The komodo dragon bites you!
* * * LOW HITPOINT WARNING * * *
You take 17 damage, and have 10/112 hp.
Okay, then.
You struggle against the net.
Harold casts a spell.
Harold blinks!
The komodo dragon bites you but does no damage.
You rip the net and break free!
The komodo dragon bites you!!
You die...
Xom titters!

P.#....... ######...
..PPPPPP...†###.#.....#
...P.........#.........
###.P##.....†.....#.##..
#P......#.#......#####..
#........###....## ...
...........#P...# ...
.............P..# ..
......@@l...P....#
............P.....P#
.............#....##
....................
.....................
...............P.....
.............#.#....
...?.........#.%


You could see Harold and a komodo dragon.

Vanquished Creatures
  A minotaur (Lab)
  A hydra (Lair:2)
  A two-headed ogre (D:9)
  A deep elf mage (D:7)
  A merfolk siren (Lair:2)
  2 black mambas
  4 spiny frogs
  4 komodo dragons
  2 hippogriffs
  7 blink frogs
  Sigmund (D:5)
  A basilisk (Lair:4)
  A wyvern (D:4)
  19 yaks
  2 hungry ghosts
  7 nagas
  3 water moccasins
  Duvessa (D:5)
  5 ice beasts
  5 orc warriors
  5 porcupines
  A sky beast (D:7)
  A phantom (D:7)
  3 black bears
  8 ogres
  3 wolves (Lair:1)
  A crocodile (Lair:2)
  8 centaurs
  A big kobold (D:8)
  14 bullfrogs
  4 scorpions
  An electric eel (Lair:2)
  A howler monkey (D:4)
  6 crimson imps
  2 jellies
  A bullfrog zombie (D:5)
  2 centaur skeletons
  4 orc priests
  2 hounds
  3 orc wizards (D:4)
  7 worker ants
  Natasha (D:4)
  A killer bee zombie (D:8)
  A hound zombie (D:2)
  2 hound skeletons
  2 worker ant zombies (D:8)
  4 gnolls (D:3)
  A howler monkey skeleton (D:7)
  11 adders
  An adder zombie (D:6)
  An ooze (D:7)
  3 adder skeletons
  6 worms
  A dart slug (D:2)
  4 leopard geckos
  38 orcs
  10 giant cockroaches
  14 goblins
  7 hobgoblins
  9 kobolds
  6 quokkas
  A ball python (D:2)
  9 bats
  22 frilled lizards
  A giant cockroach zombie (D:6)
  A jackal skeleton (D:6)
  A leopard gecko skeleton (D:8)
  A quokka zombie (D:5)
  8 rats
  2 fungi
  5 plants
321 creatures vanquished.

Vanquished Creatures (collateral kills)
  Dowan (D:5)
  3 gnolls (D:4)
4 creatures vanquished.

Vanquished Creatures (others)
  A plant (Lair:2)
1 creature vanquished.

Grand Total: 326 creatures vanquished

Notes
Turn   | Place    | Note
-------+----------+-------------------------------------------
     0 | D:1      | Monsterracer the Minotaur Chaos Knight began the quest for the Orb.
     0 | D:1      | Reached XP level 1. HP: 19/19 MP: 0/0
   145 | D:1      | Reached XP level 2. HP: 27/27 MP: 1/1
   165 | D:1      | Reached skill level 4 in Axes
   183 | D:1      | XOM: divination: detect creatures
   537 | D:1      | XOM: harmless Ice miscast
   684 | D:2      | XOM: potion effect (berserk rage)
   690 | D:2      | Reached skill level 1 in Shields
   743 | D:2      | Reached XP level 3. HP: 31/33 MP: 2/2
  1008 | D:2      | Found an iron altar of Okawaru.
  1168 | D:2      | XOM: butterfly on damage
  1169 | D:2      | HP: 16/33 [worm (10)]
  1378 | D:2      | XOM: harmless Erth miscast
  1551 | D:2      | Reached XP level 4. HP: 40/40 MP: 3/3
  2181 | D:3      | XOM: potion effect (brilliance)
  2184 | D:3      | HP: 17/40 [orc priest/divine providence (11)]
  2186 | D:3      | Reached skill level 5 in Axes
  2191 | D:3      | Reached XP level 5. HP: 21/46 MP: 4/4
  2492 | D:3      | XOM: give mutations
  2492 | D:3      | Gained mutation: Armour fits poorly on your strangely shaped body. [Xom's mischief]
  2492 | D:3      | Gained mutation: You possess an exceptional clarity of mind. [Xom's mischief]
  2636 | D:3      | XOM: enchant monster (bad)
  2716 | D:3      | XOM: mild Chrm miscast
  3061 | D:3      | HP: 23/46 [gnoll/flail (12)]
  3079 | D:3      | HP: 14/46 [gnoll/flail (9)]
  3084 | D:3      | HP: 6/47 [gnoll/spear (6)]
  3373 | D:3      | XOM: harmless Hex miscast
  3426 | D:3      | XOM: silly message
  3471 | D:3      | XOM: silly message
  3614 | D:3      | XOM is BORED!
  3614 | D:3      | XOM: mild Tloc miscast
  3967 | D:4      | Reached XP level 6. HP: 48/53 MP: 5/5
  4177 | D:4      | XOM: cloud trail
  4300 | D:4      | XOM: polymorph giant cockroach -> frilled lizard
  4304 | D:4      | Reached skill level 6 in Axes
  4391 | D:4      | XOM: summons 4 friendly demons
  4593 | D:4      | XOM: 1-stop teleportation journey
  4760 | D:4      | Noticed Natasha
  4766 | D:4      | XOM: scenery: create altars
  4768 | D:4      | XOM: divination: detect items
  4770 | D:4      | Killed Natasha
  4770 | D:4      | Reached skill level 5 in Fighting
  4770 | D:4      | Reached XP level 7. HP: 61/61 MP: 6/6
  4906 | D:4      | Noticed a wyvern
  4906 | D:4      | a worm changed into a wyvern
  4906 | D:4      | XOM: polymorph worm -> wyvern
  4911 | D:4      | Killed a wyvern
  4911 | D:4      | Reached skill level 7 in Axes
  5231 | D:5      | Entered Level 5 of the Dungeon
  5242 | D:5      | Noticed Duvessa
  5244 | D:5      | Noticed Dowan
  5248 | D:5      | Killed Duvessa
  5250 | D:5      | Killed Dowan
  5250 | D:5      | Reached skill level 5 in Armour
  5268 | D:5      | Found a glowing golden altar of the Shining One.
  5274 | D:5      | XOM: scenery: 1 doors open
  5325 | D:5      | XOM: polymorph centaur -> scorpion
  5462 | D:5      | XOM: 1-stop teleportation journey
  5602 | D:5      | Reached skill level 8 in Axes
  5602 | D:5      | Reached XP level 8. HP: 58/70 MP: 7/7
  5610 | D:5      | Noticed Sigmund
  5616 | D:5      | HP: 34/70 [centaur/uncursed flail (5)]
  5622 | D:5      | HP: 20/70 [something/magic dart (6)]
  5624 | D:5      | Killed Sigmund
  5644 | D:5      | HP: 21/71 [centaur/arrow (4)]
  5648 | D:5      | Reached skill level 9 in Axes
  5703 | D:5      | HP: 30/71 [crimson imp (1)]
  5713 | D:5      | HP: 29/71 [crimson imp (1)]
  5765 | D:5      | XOM: medium Tloc miscast
  5765 | D:5      | HP: 11/71 [something (28)]
  5782 | D:5      | HP: 14/71 [bullfrog zombie (1)]
  6086 | D:5      | XOM: medium Ice miscast
  6473 | D:5      | Learned a level 2 spell: Blink
  6608 | D:6      | Found a staircase to the Ecumenical Temple.
  6633 | D:6      | You fall through a shaft for 3 floors!
  6635 | D:9      | Noticed a two-headed ogre
  6641 | D:9      | XOM: enchant monster (bad)
  6642 | D:9      | HP: 20/71 [two-headed ogre/giant club (20)]
  6642 | D:9      | HP: 1/71 [two-headed ogre/giant club (19)]
  6647 | D:9      | HP: 28/71 [centaur (4)]
  6647 | D:9      | HP: 11/71 [two-headed ogre/giant club (17)]
  6647 | D:9      | HP: 4/71 [two-headed ogre/giant club (7)]
  6650 | D:9      | XOM: potion effect (haste)
  6652 | D:9      | Killed a two-headed ogre
  6652 | D:9      | Reached skill level 10 in Axes
  6652 | D:9      | Reached XP level 9. HP: 7/80 MP: 8/8
  6657 | D:9      | HP: 7/80 [centaur (1)]
  6723 | D:9      | XOM: harmless Tmut miscast
  6736 | D:9      | XOM: 3-stop teleportation journey
  7037 | D:9      | XOM: potion effect (agility)
  7044 | D:9      | Reached skill level 11 in Axes
  7050 | D:9      | XOM: potion effect (curing)
  7052 | D:9      | XOM: confuse monster(s)
  7227 | D:8      | HP: 41/82 [poisoned by a water moccasin]
  7232 | D:8      | HP: 37/82 [poisoned by a water moccasin]
  7237 | D:8      | HP: 34/82 [poisoned by a water moccasin]
  7243 | D:8      | HP: 32/82 [poisoned by a water moccasin]
  7249 | D:8      | HP: 32/82 [poisoned by a water moccasin]
  7257 | D:8      | HP: 32/82 [poisoned by a water moccasin]
  7366 | D:8      | XOM: medium Tmut miscast
  7668 | D:7      | XOM: noise
  7678 | D:7      | Found Niwufuf's Armour Shop.
  7678 | D:7      | XOM: mild Erth miscast
  7689 | D:7      | XOM: harmless Ice miscast
  7767 | D:7      | Bought a +0 scale mail of poison resistance for 120 gold pieces
  7818 | D:7      | Noticed a deep elf mage
  7822 | D:7      | Reached skill level 12 in Axes
  7822 | D:7      | Reached XP level 10. HP: 67/90 MP: 9/9
  7825 | D:7      | HP: 45/90 [howler monkey skeleton (3)]
  7828 | D:7      | HP: 17/91 [ogre/giant club (12)]
  7833 | D:7      | XOM: confuse monster(s)
  7837 | D:7      | Killed a deep elf mage
  7845 | D:7      | XOM: summons 10 friendly demons
  7881 | D:7      | HP: 40/91 [phantom (5)]
  7888 | D:7      | HP: 32/91 [phantom (4)]
  8198 | D:7      | Found Xiudd's Weapon Emporium.
  8280 | D:7      | XOM: 1-stop teleportation journey
  8285 | D:7      | XOM: mild Air miscast
  8356 | D:7      | Found a stormy altar of Qazlal.
  8392 | D:6      | XOM: noise
  8449 | D:6      | XOM: enchant monster (good)
  8704 | D:6      | XOM: summons friendly quasit
  9193 | D:6      | XOM: noise
  9745 | D:7      | XOM: summons 5 hostile demons
  9775 | D:7      | XOM: summons 1 hostile shadow creature
  9904 | D:7      | Found a sparkling altar of Nemelex Xobeh.
 10096 | D:7      | XOM: harmless Tmut miscast
 10103 | D:7      | XOM: harmless Fire miscast
 10232 | D:7      | XOM: divination: magic mapping
 10329 | D:8      | XOM: confuse monster(s)
 10350 | D:8      | Reached skill level 13 in Axes
 10410 | D:8      | XOM: god gift: runed broad axe {god gift}
 10469 | D:8      | Identified a scroll of acquirement
 10479 | D:8      | Got a brightly glowing hat
 10485 | D:8      | Identified the +0 hat of the Sunfish {*Corrode rN+ MR+} (You acquired it on level 8 of the Dungeon)
 10589 | D:8      | XOM: confuse monster(s)
 10812 | D:8      | XOM: 3-stop teleportation journey
 11117 | D:8      | Found a staircase to the Lair.
 11122 | D:8      | Reached skill level 10 in Fighting
 11263 | D:8      | XOM: harmless Tloc miscast
 11537 | D:9      | XOM is BORED!
 11537 | D:9      | XOM: severe Erth miscast
 11669 | D:9      | Got a jewelled leather armour
 11680 | D:9      | Identified the +4 leather armour of Calculation {Dex+5 Stlth+} (You found it on level 9 of the Dungeon)
 11754 | D:9      | Reached skill level 5 in Dodging
 12004 | D:9      | XOM: mild Pois miscast
 12056 | Lair:1   | Entered Level 1 of the Lair of Beasts
 12123 | D:7      | Bought the +3 pair of boots of the Crushed Deaths {rC+} for 502 gold pieces
 12130 | D:7      | XOM: summons 4 hostile shadow creatures
 12134 | D:7      | XOM: polymorph adder -> scorpion
 12296 | Lair:1   | XOM: polymorph bullfrog -> naga
 12297 | Lair:1   | Noticed a spiny frog
 12297 | Lair:1   | XOM: divination: detect items
 12309 | Lair:1   | Killed a spiny frog
 12309 | Lair:1   | Reached XP level 11. HP: 90/100 MP: 10/10
 12377 | Lair:1   | Reached skill level 10 in Armour
 12636 | Lair:1   | XOM: 1-stop teleportation journey
 12845 | Lair:1   | XOM: blink monster(s)
 12850 | Lair:1   | Reached skill level 14 in Axes
 13242 | Lair:1   | XOM: god gift: scale mail {god gift}
 13335 | Lair:2   | XOM: polymorph spiny frog -> komodo dragon
 13415 | Lair:2   | XOM: 3-stop teleportation journey
 13610 | Lair:2   | Found a staircase to the Shoals.
 13740 | Lair:2   | Got a pair of twisted gloves
 13751 | Lair:2   | Identified the +2 pair of gloves "Haynk" {rPois} (You acquired it on level 2 of the Lair of Beasts)
 13770 | Lair:2   | HP: 47/101 [electric eel/bolt of electricity (10)]
 13909 | Lair:2   | XOM: summons 5 hostile demons
 13910 | Lair:2   | Noticed a soul eater
 13915 | Lair:2   | XOM: smoke on damage
 14021 | Lair:2   | XOM: give mutations
 14021 | Lair:2   | Gained mutation: You have a pair of large horns on your head. [Xom's mischief]
 14021 | Lair:2   | Lost mutation: Armour fits poorly on your strangely shaped body. [Xom's mischief]
 14021 | Lair:2   | Gained mutation: You are weak. (Str -2) [Xom's mischief]
 14128 | Lair:2   | Found a staircase to the Snake Pit.
 14128 | Lair:2   | XOM: swap monsters
 14130 | Lair:2   | XOM: chaos upgrade
 14133 | Lair:2   | XOM: repel stairs
 14456 | Lair:2   | XOM: harmless Summ miscast
 14470 | Lair:2   | Reached skill level 15 in Axes
 14607 | Lair:2   | Noticed a four-headed hydra
 14614 | Lair:2   | XOM: swap monsters
 14619 | Lair:2   | XOM: medium Summ miscast
 14678 | Lair:2   | XOM: medium Chrm miscast
 14684 | Lair:2   | XOM: give mutations
 14684 | Lair:2   | Gained mutation: You expend magic power (3 MP) to strengthen your wands. [Xom's mischief]
 14684 | Lair:2   | Gained mutation: Armour fits poorly on your strangely shaped body. [Xom's mischief]
 14684 | Lair:2   | Gained mutation: You are clumsy. (Dex -2) [Xom's mischief]
 14684 | Lair:2   | Gained mutation: You do not regenerate when monsters are visible. [Xom's mischief]
 14777 | Lair:2   | XOM: swap monsters
 14784 | Lair:2   | XOM: blink monster(s)
 14796 | Lair:2   | Killed a four-headed hydra
 15099 | Lair:3   | XOM: mild Pois miscast
 15331 | Lair:3   | XOM: mild Tmut miscast
 15338 | Lair:3   | Reached XP level 12. HP: 87/110 MP: 8/11
 15400 | Lair:3   | XOM: stat loss: -1 Dex (7/8)
 15890 | Lair:3   | XOM: harmless Tloc miscast
 15993 | Lair:4   | Found a labyrinth entrance.
 16088 | Lab      | Entered a labyrinth
 16098 | Lab      | XOM: severe Fire miscast
 16410 | Lab      | Noticed a minotaur
 16415 | Lab      | Killed a minotaur
 16417 | Lab      | Got a smoking war axe {holy}
 16418 | Lab      | Identified the +3 war axe of Zitauree {holy, rN+ Int+2 SInv} (You took it off a minotaur in a labyrinth)
 16428 | Lab      | Got a twisted chain mail
 16440 | Lair:4   | Identified the +2 chain mail of the Twenty Cities {-Tele Dex+4 SInv} (You found it in a labyrinth)
 16517 | Lair:4   | XOM: noise
 16520 | Lair:4   | XOM: noise
 16528 | Lair:4   | XOM: smoke on damage
 16529 | Lair:4   | HP: 56/112 [black mamba (7)]
 16534 | Lair:4   | HP: 41/112 [poisoned by a black mamba]
 16539 | Lair:4   | HP: 36/112 [poisoned by a black mamba]
 16551 | Lair:4   | Noticed Harold
 16551 | Lair:4   | HP: 33/112 [poisoned by a black mamba]
 16556 | Lair:4   | HP: 30/112 [poisoned by a black mamba]
 16560 | Lair:4   | HP: 10/112 [komodo dragon (16)]
 16562 | Lair:4   | Mangled by a komodo dragon

Skill      XL: |  1  2  3  4  5  6  7  8  9 10 11 |
---------------+----------------------------------+-----
Axes           | 4 5 6 8 10 12 13 15 | 15.8
Shields        | 1 2 3 4 |  4.1
Fighting       | 4 5 6 7 8 10 11 | 11.9
Armour         | 3 4 5 7 8 9 10 | 10.3
Dodging        | 2 5 7 |  7.5

Action                   |  1- 3 |  4- 6 |  7- 9 | 10-12 || total
-------------------------+-------+-------+-------+-------++-------
Melee: Hand axe          |    92 |   123 |       |       ||   215
       Headbutt          |    12 |    27 |    45 |    83 ||   167
       War axe           |       |    68 |   228 |   169 ||   465
       Broad axe         |       |       |       |   277 ||   277
       Flail             |       |       |       |    13 ||    13
  Use: Scroll            |     5 |     5 |     8 |    12 ||    30
       Potion            |       |       |     4 |     1 ||     5
 Stab: Paralysed         |     1 |       |       |       ||     1
       Confused          |       |       |     1 |     5 ||     6
       Sleeping          |       |       |       |     2 ||     2
  Eat: Chunk             |     2 |    10 |    10 |    21 ||    43
       Ration            |       |       |     1 |     2 ||     3
Armor: Leather armour    |    40 |    34 |       |    64 ||   138
       Chain mail        |       |    26 |   101 |       ||   127
       Scale mail        |       |       |     5 |    72 ||    77
       Plate armour      |       |       |       |    13 ||    13
Dodge: Dodged            |    55 |    68 |    90 |   235 ||   448
Block: Buckler           |       |    23 |    40 |    95 ||   158

Vault maps used:
D:1:      dpeg_arrival_chase
D:2:      okawaru_trees_1
D:3:      wad_river_or_something, minmay_lizard_king
D:4:      uniq_natasha
D:5:      first_ration, basic_altar, uniq_duvessa, uniq_sigmund
D:6:      minmay_temple_entry_trees
D:7:      cheibrodos_fzero, grunt_qazlal_sundering, serial_shops, shop, shop,
          nemelex_dance_club_becter
D:8:      grunt_lair_entry_orc_guard_hut, blue_anna_alchemist
D:9:      due_megacathedral
Lair:1:   grunt_forest_stairs_basic, beast_lair_carwin_4
Lair:2:   minmay_shoals_entry_lonely_mermaid,
          minmay_snake_entry_guardpost_medium, serial_bayou,
          serial_bayou_lake_a, serial_bayou_pond_d, serial_bayou_pond_a,
          serial_bayou_lagoon_a
Lair:3:   guppyfry_lair_drakes
Lair:4:   lab_entry_generic, grunt_megastairs_5, infiniplex_staircase_pool_2,
          uniq_harold
Lab:      labyrinth_spiral
